 Dungeon Crawl Stone Soup version 0.32-a0-128-g77eb882913 (webtiles) character file.

Game seed: 1296443928454587592

3433 Hubris850 the Cleaver (level 9, -6/71 HPs)
             Began as a Minotaur Fighter on Feb 7, 2024.
             Was a Believer of Qazlal.
             Mangled by a large slime creature (13 damage)
             ... on level 7 of the Dungeon.
             The game lasted 00:15:03 (5276 turns).

Hubris850 the Cleaver (Minotaur Fighter)            Turns: 5276, Time: 00:15:03

Health: -6/71      AC: 16    Str: 22    XL:     9   Next: 77%
Magic:  14/14      EV:  8    Int:  5    God:    Qazlal [**....]
Gold:   225        SH: 15    Dex: 13    Spells: 8/8 levels left

rFire   . . .        a - +1 war axe
rCold   . . .        o - +2 kite shield
rNeg    . . .        b - +0 scale mail
rPois   .            (helmet restricted)
rElec   .            I - +2 cloak
rCorr   .            i - +2 pair of gloves
SInv    .            s - +1 pair of boots
Will    +....        (no amulet) Stlth
                     C - ring of willpower
HPRegen 0.31/turn    (no ring)
MPRegen 0.14/turn

%: no passive effects
@: no status effects
A: horns 2, retaliatory headbutt
a: Renounce Religion, Upheaval


You were on level 7 of the Dungeon.
You worshipped Qazlal.
Qazlal was pleased with you.
You visited 1 branch of the dungeon, and saw 7 of its levels.
You also visited: Sewer.

You collected 480 gold pieces.
You spent 255 gold pieces at shops.

Inventory:

Hand Weapons
 a - a +1 war axe (weapon)
 g - the +6 mace of Friendship {antimagic, rElec SInv}
   (You found it on level 5 of the Dungeon)

   rElec:     It insulates you from electricity.
   SInv:      It lets you see invisible.
 K - a +0 battleaxe
Missiles
 r - 6 darts of dispersal
 G - 6 poisoned darts (quivered)
 O - 3 atropa-tipped darts
Armour
 b - a +0 scale mail (worn)
 c - a +0 buckler
 i - a +2 pair of gloves (worn)
 o - a +2 kite shield (worn)
 s - a +1 pair of boots (worn)
 D - a +0 cloak
 I - a +2 cloak (worn)
Magical Staves
 n - a staff of alchemy
Jewellery
 t - a ring of ice
 x - a ring of fire
 C - a ring of willpower (left hand)
 P - an amulet of the acrobat
Talismans
 v - a beast talisman
 H - a blade talisman
Scrolls
 f - a scroll of enchant weapon
 j - 2 scrolls of blinking {unknown}
 m - a scroll of silence {unknown}
 q - a scroll of amnesia {unknown}
 y - a scroll of acquirement {unknown}
 B - 3 scrolls of poison {unknown}
 E - 2 scrolls of revelation {unknown}
 J - a scroll of vulnerability {unknown}
 N - 2 scrolls of identify
Potions
 d - 3 potions of might
 e - a potion of magic {unknown}
 h - 5 potions of curing
 k - 2 potions of haste
 l - 2 potions of enlightenment
 p - 4 potions of heal wounds
 u - a potion of attraction {unknown}
 w - 2 potions of mutation {unknown}
 z - 2 potions of cancellation {unknown}
 A - a potion of resistance {unknown}
 F - a potion of invisibility {unknown}
 L - a potion of lignification {unknown}
 M - a potion of berserk rage {unknown}


   Skills:
 - Level 4.0 Fighting
 + Level 10.8 Axes
 - Level 5.0 Armour
 - Level 8.0 Shields
 + Level 8.5 Invocations


You had 8 spell levels left.
You didn't know any spells.
Your spell library contained the following spells:

 Spells                   Type           Power      Damage    Failure   Level
 Lesser Beckoning         Tloc           0%         N/A       98%         2
 Dazzling Flash           Conj/Hex       0%         N/A       100%        3
 Gell's Gravitas          Tloc           0%         N/A       100%        3
 Mephitic Cloud           Conj/Alch/Air  0%         N/A       100%        3
 Teleport Other           Tloc           0%         N/A       100%        3
 Curse of Agony           Necr           0%         N/A       100%        5
 Silence                  Hex/Air        0%         N/A       100%        5


Dungeon Overview and Level Annotations

Branches:
Dungeon (7/15)             Temple (0/1) D:7           Sewer (visited)

Altars:
Okawaru
Qazlal
Vehumet

Shops:
D:4 *[(   D:6 (


Innate Abilities, Weirdness & Mutations

You have a pair of horns on your head.
You reflexively headbutt those who attack you in melee.


Message History

Your headbutt misses the slime creature.
The slime creature is heavily wounded.
You block the slime creature's attack.
You slash the slime creature! You headbutt the slime creature!
The slime creature is severely wounded.
You block the slime creature's attack.
You completely miss the slime creature.
Your headbutt misses the slime creature.
The slime creature is severely wounded.
You barely miss the slime creature.
The slime creature hits you but does no damage.
You block the slime creature's attack.
You completely miss the slime creature.
The slime creature is severely wounded.
You slash the slime creature!
You block the slime creature's attack. x2
Two slime creatures merge to form a large slime creature.
You hit the large slime creature.
The large slime creature is heavily wounded.
You slice the large slime creature!! You headbutt the large slime creature!
The large slime creature is severely wounded.
You slash the large slime creature!
The large slime creature is severely wounded.
The large slime creature hits you!!
You hit the large slime creature.
The large slime creature is severely wounded.
You block the large slime creature's attack.
You slash the large slime creature!
The large slime creature is almost dead.
You block the large slime creature's attack.
You hit the large slime creature.
The large slime creature is almost dead.
The large slime creature hits you!!
* * * LOW HITPOINT WARNING * * *
You hit the large slime creature.
The large slime creature is almost dead.
You block the large slime creature's attack.
You hit the large slime creature.
The large slime creature is almost dead.
The large slime creature hits you!
You die...

#.#♣..♣P......###(..##.......
#.#..P....♣###..###..........
#.#♣....♣######.)†###........
#...♣## #.##.#)..###......
#.♣## #.##.#.#...###.... ###
#.##.#.#.#...#....
#.##†#.#...###....
#.##.#...### #.### #@##..†###
#.... #J#..### #.### #..###
#..## #..## #.<.. ###. #....
# #..## #..## #...# #....


You could see a large slime creature.

Vanquished Creatures
  A troll (D:7)
  A shadow (D:7)
  5 yaks
  A steam dragon (D:7)
  An acid dragon (D:7)
  3 water moccasins
  Duvessa (D:6)
  A black bear (D:6)
  An ice beast (D:5)
  A sky beast (D:6)
  2 centaurs (D:7)
  Blork the orc (D:5)
  A bullfrog (D:7)
  2 brain worms (Sewer)
  2 scorpions
  4 wights (D:6)
  Dowan (D:6)
  3 howler monkeys
  A bombardier beetle (D:5)
  A hound (D:5)
  2 orc priests (D:6)
  2 iguanas
  2 orc wizards (D:4)
  4 gnolls (D:5)
  10 adders
  A river rat (Sewer)
  2 shadow imps
  A white imp (D:6)
  2 ufetubi (D:5)
  3 ribbon worms
  2 dart slugs (D:4)
  13 orcs
  6 ball pythons
  3 endoplasms
  4 giant cockroaches
  4 goblins
  8 hobgoblins
  5 jackals
  4 quokkas
  8 bats
  8 frilled lizards
  4 kobolds
  17 rats
149 creatures vanquished.

Notes
Turn   | Place    | Note
-------+----------+-------------------------------------------
     0 | D:1      | Hubris850 the Minotaur Fighter began the quest for the Orb.
     0 | D:1      | Reached XP level 1. HP: 19/19 MP: 0/0
   169 | D:1      | Reached XP level 2. HP: 25/27 MP: 1/1
   548 | D:2      | Reached skill level 3 in Axes
   573 | D:2      | Reached XP level 3. HP: 33/33 MP: 2/2
  1194 | D:3      | Reached XP level 4. HP: 40/40 MP: 3/3
  1269 | D:3      | Found a stormy altar of Qazlal.
  1330 | D:3      | Became a worshipper of Qazlal Stormbringer
  1600 | D:4      | Found a radiant altar of Vehumet.
  1603 | D:4      | Found Lynyfeom's Antique Weapon Shop.
  1681 | D:4      | Found an iron altar of Okawaru.
  1725 | D:4      | Reached skill level 4 in Axes
  1725 | D:4      | Reached skill level 1 in Invocations
  1725 | D:4      | Reached XP level 5. HP: 43/46 MP: 4/4
  1744 | D:4      | Reached skill level 5 in Armour
  1744 | D:4      | Reached skill level 5 in Shields
  1794 | D:4      | Found a glowing drain.
  1797 | Sewer    | Entered a sewer
  1833 | Sewer    | Reached XP level 6. HP: 52/52 MP: 6/6
  1850 | Sewer    | Reached * piety under Qazlal
  1919 | Sewer    | Reached skill level 5 in Axes
  2229 | D:4      | Found Poegizoem's General Store.
  2405 | D:4      | Found Xyngugam's Antique Armour Shoppe.
  2862 | D:4      | Bought a glowing cloak for 255 gold pieces
  2882 | D:5      | Entered Level 5 of the Dungeon
  3053 | D:5      | Noticed Blork the orc
  3063 | D:5      | Killed Blork the orc
  3064 | D:5      | Reached XP level 7. HP: 59/59 MP: 8/8
  3177 | D:5      | Identified the +6 mace of Friendship {antimagic, rElec
                  | SInv}
  3193 | D:5      | Reached skill level 6 in Axes
  3308 | D:5      | Reached ** piety under Qazlal
  3790 | D:6      | Reached XP level 8. HP: 65/66 MP: 3/10
  3870 | D:6      | Found Epalofo's Antique Weapon Shoppe.
  3967 | D:6      | Reached skill level 7 in Axes
  4158 | D:6      | Reached skill level 5 in Invocations
  4166 | D:6      | Reached skill level 8 in Axes
  4370 | D:6      | Reached XP level 9. HP: 71/71 MP: 12/12
  4743 | D:6      | Noticed Duvessa
  4743 | D:6      | Noticed Dowan
  4744 | D:6      | Killed Dowan
  4749 | D:6      | Killed Duvessa
  4750 | D:6      | Reached skill level 9 in Axes
  4854 | D:7      | Found a staircase to the Ecumenical Temple.
  5132 | D:7      | Noticed a troll
  5144 | D:7      | Killed a troll
  5145 | D:7      | Reached skill level 10 in Axes
  5172 | D:7      | Identified the +3 scimitar "Acipar" {freeze, rC+}
  5276 | D:7      | Mangled by a large slime creature

Illustrated notes

Levels and vault maps discovered:
D:1:      mushboom_english_gardens, layout_rooms, palyth_stone_intersect
D:2:      layout_basic
D:3:      layout_rooms, lemuel_round_altar, st_stairs_1, solitary_fountain
D:4:      layout_loops_ring, mainiacjoe_overflow_catch_the_wave, serial_shops,
          kennysheep_little_box, shop, shop,
          mainiacjoe_sewer_entry_somewhere_in_here_1,
          nicolae_figureground_sparkle
D:5:      layout_layer_cave, minivault_5, grunt_decor_fettered,
          kennysheep_minor_cross, uniq_blork_the_orc
D:6:      layout_gridville, serial_shops, nicolae_shop_stone,
          corexii_corridor_pit, uniq_duvessa
D:7:      minmay_the_grid_triangle_9x9_rhombus_thin
          [minmay_the_grid_triangle_9x9_steps,
          minmay_the_grid_triangle_9x9_prize_center,
          minmay_the_grid_triangle_9x9_shrine,
          minmay_the_grid_triangle_9x9_impossible_snake], layout_rooms,
          minmay_temple_entry_enclosed_plants, uniq_prince_ribbit1

Skill      XL: |  1  2  3  4  5  6  7  8  9 |
---------------+----------------------------+-----
Fighting       | 4 |  4.0
Axes           | 3 4 5 6 8 10 | 10.8
Armour         | 4 5 |  5.0
Shields        | 4 5 6 7 8 |  8.0
Invocations    | 1 2 3 4 6 8 |  8.5

Action                     |  1- 3 |  4- 6 |  7- 9 || total
---------------------------+-------+-------+-------++-------
  Melee: War axe           |    74 |   158 |   138 ||   370
         Headbutt          |     5 |    19 |    40 ||    64
         Mace              |       |       |    41 ||    41
  Throw: Dart              |       |       |    11 ||    11
 Invoke: Upheaval          |       |       |     3 ||     3
    Use: Scroll            |       |       |     7 ||     7
   Stab: Distracted        |       |     1 |       ||     1
 Armour: Scale mail        |    42 |    95 |   114 ||   251
  Dodge: Dodged            |    35 |    40 |    48 ||   123
  Block: Buckler           |     2 |       |       ||     2
         Kite shield       |    40 |   106 |   170 ||   316

Table legend: (Time is in decaauts)
 A = Elapsed time spent in this place.
 B = Non-inter-level travel time spent in this place.
 C = Inter-level travel time spent in this place.
 D = Time resting spent in this place.
 E = Time spent auto-exploring this place.
 F = Levels seen in this place.
 G = Mean time per level.
                   A        B        C        D        E       F      G
               +--------+--------+--------+--------+--------+-----+--------+
         Total |   5460 |   5246 |    214 |    148 |   3787 |   8 |  682.5 |
       Dungeon |   5006 |   4792 |    214 |    148 |   3535 |   7 |  715.1 |
         Sewer |    453 |    453 |      0 |      0 |    252 |   1 |  453.0 |
               +--------+--------+--------+--------+--------+-----+--------+

Top non-repeatable levels by time:
     D:6: 1096 daAuts
     D:4: 988 daAuts
     D:5: 895 daAuts
     D:2: 673 daAuts
     D:3: 487 daAuts
   Sewer: 453 daAuts
     D:7: 442 daAuts
     D:1: 422 daAuts
